 Dungeon Crawl Stone Soup version 0.23.2-30-g0e89c35 (webtiles) character file.

Game seed: 7487489055480064452

22 ssssssssss the Skirmisher (level 2, -1/19 HPs)
             Began as a Gargoyle Berserker on June 10, 2019.
             Was a Follower of Trog.
             Slain by an adder (2 damage)
             ... on level 2 of the Dungeon.
             The game lasted 00:04:05 (799 turns).

ssssssssss the Skirmisher (Gargoyle Berserker)       Turns: 799, Time: 00:04:06

Health: -1/19      AC:  5    Str: 20    XL:     2   Next: 91%
Magic:  2/2        EV: 12    Int:  7    God:    Trog [*.....]
Gold:   101        SH:  0    Dex:  9    Spells: 1/1 levels left

rFire    . . .     SeeInvis .   a - +0 mace
rCold    . . .     Gourm    .   (no shield)
rNeg     + . .     Faith    .   b - +0 animal skin
rPois    ∞         Spirit   .   (no helmet)
rElec    +         Reflect  .   (no cloak)
rCorr    .         Harm     .   (no gloves)
MR       .....                  (no boots)
Stlth    +.........             (no amulet)
HPRegen  0.06/turn              (no ring)
MPRegen  0.08/turn              (no ring)

@: no status effects
A: negative energy resistance 1, electricity resistance, unbreathing,
petrification resistance, rot immunity, AC +2
a: Berserk, Renounce Religion


You were on level 2 of the Dungeon.
You worshipped Trog.
Trog was aware of your devotion.
You were not hungry.

You visited 1 branch of the dungeon, and saw 2 of its levels.

You collected 101 gold pieces.

Inventory:

Hand Weapons
 a - a +0 mace (weapon)
 r - a +0 mace
 s - a +0 dagger
Missiles
 o - 2 throwing nets (quivered)
Armour
 b - a +0 animal skin (worn)
 q - a +0 ring mail
Jewellery
 d - an uncursed ring of see invisible {unknown}
Scrolls
 f - 3 scrolls of remove curse {unknown}
 g - a scroll of fog {unknown}
 i - a scroll of identify {unknown}
 k - 3 scrolls of amnesia {unknown}
 n - a scroll of blinking {unknown}
 p - a scroll of enchant armour {unknown}
Potions
 e - a potion of curing {unknown}
 h - a potion of haste {unknown}
 j - 2 potions of heal wounds {unknown}
 l - a potion of invisibility {unknown}
 m - a potion of brilliance {unknown}
Comestibles
 c - 3 rations


   Skills:
 + Level 3.5 Fighting
 + Level 3.3 Maces & Flails
 + Level 2.2 Armour
 + Level 2.1 Dodging


You had one spell level left.
You didn't know any spells.
Your spell library was empty.

Dungeon Overview and Level Annotations

Branches:
Dungeon (2/15)

Altars:


Innate Abilities, Weirdness & Mutations

You are resistant to torment.
Your stone body is resilient. (AC +2)
You are immune to poison.
You resist negative energy. (rN+)
You are resistant to electric shocks. (rElec)
You can survive without breathing.
You are immune to petrification.
You are immune to rotting.


Message History

The goblin is too close now for your liking.
There is an open door here.
The goblin shouts!
The adder misses you. The adder bites you.
You sock the adder!
The adder is severely wounded.
The adder closely misses you. The goblin hits you.
* * * LOW HITPOINT WARNING * * *
You closely miss the adder.
The adder is severely wounded.
The adder bites you.
* * * LOW HITPOINT WARNING * * *
The goblin completely misses you. The adder closely misses you.
You miss the adder.
The adder is severely wounded.
The adder misses you. The goblin barely misses you.
You miss the adder.
The adder is severely wounded.
The adder bites you.
You die...

.# #.# #.....).###
.#####.#####..####...########
.)......†..'.##..##........>#
...###.....#(†....#.#######.#
##.# #.......#....#.# #...# #.#
#....#####.(##.# #.#.#####
##.###...##.###†##..#####.#......
.........#...'.#####......#......
##.###...##.###'@..##.##..#..####
#.# #....###.#.Sg..#.##..#......
#.# #.#'.....#(....#....)#..####
#.# #.#.####.#.[...#...#....# #.#
#.#.# #.##(..##...##...# ##.#
#.#.# ##.#####....##...#
...###.#.# #..........##...#
.......#.# #..........###..#
.......#.# #.......#### #...


You could see an adder and a goblin.

Vanquished Creatures
  A giant cockroach (D:2)
  A hobgoblin (D:2)
  5 kobolds (D:2)
  4 bats
  4 frilled lizards
  4 goblins
  4 rats
23 creatures vanquished.

Notes
Turn   | Place    | Note
-------+----------+-------------------------------------------
     0 | D:1      | ssssssssss the Gargoyle Berserker began the quest for the
                  | Orb.
     0 | D:1      | Reached XP level 1. HP: 14/14 MP: 1/1
   373 | D:2      | Reached XP level 2. HP: 19/19 MP: 2/2
   799 | D:2      | Slain by an adder

Skill      XL: |  1  2 |
---------------+-------+-----
Dodging        | 2 |  2.1
Fighting       | |  3.5
Maces & Flails | |  3.3
Armour         | |  2.2

Action                   || total
-------------------------++-------
Melee: Mace              ||    74
 Stab: Sleeping          ||     1
Armor: Animal skin       ||    49
Dodge: Dodged            ||    87
